 Dungeon Crawl Stone Soup version 0.26-a0-812-g31a745ddcd (webtiles) character file.

Game seed: 12811787202008127972

64 Dracia the Insei (level 3, 0/28 HPs)
             Began as a Draconian Transmuter on Nov 30, 2020.
             Slain by a gnoll
             ... wielding a +0 spear
              (5 damage)
             ... on level 2 of the Dungeon.
             The game lasted 00:02:47 (2446 turns).

Dracia the Insei (Draconian Transmuter)             Turns: 2446, Time: 00:02:47

Health: 0/28       AC:  5    Str: 12    XL:     3   Next: 91%
Magic:  4/6        EV: 12    Int: 13    God:
Gold:   84         SH:  0    Dex: 12    Spells: 0/6 levels left

rFire    . . .     SeeInvis .     - Unarmed
rCold    . . .     Faith    .   (no shield)
rNeg     . . .     Spirit   .   (armour unavailable)
rPois    .         Reflect  .   (helmet currently unavailable)
rElec    .         Harm     .   (no cloak)
rCorr    .         Rampage  .   (no gloves)
MR       .....                  (boots currently unavailable)
Stlth    +.........             (no amulet)
HPRegen  0.09/turn              (no ring)
MPRegen  0.10/turn              (no ring)

@: appendages (expiring), wereblooded
A: unfitting armour, horns 2, talons 2, cold-blooded, AC +5
a: End Transformation


You were on level 2 of the Dungeon.
You had grown temporary horns.
You had grown temporary talons.
You visited 1 branch of the dungeon, and saw 2 of its levels.

You collected 84 gold pieces.


Innate Abilities, Weirdness & Mutations

Your plain brown scales are hard. (AC +5)
You cannot fit into any form of body armour.
You are cold-blooded and may be slowed by cold attacks.
You have a pair of horns on your head.
You have razor-sharp toenails.


   Skills:
 - Level 1.1 Fighting
 - Level 1.7 Dodging
 + Level 4.0 Unarmed Combat
 - Level 2.0 Spellcasting
 + Level 3.3 Transmutations


You couldn't memorise any spells.
You knew the following spells:

 Your Spells              Type           Power        Failure   Level
a - Beastly Appendage     Tmut           #.....       6%          1
b - Wereblood             Tmut           #.......     10%         2
c - Spider Form           Tmut/Pois      #.........   36%         3

Your spell library contained the following spells:

 Spells                   Type           Power        Failure   Level
 Ice Form                 Ice/Tmut       #.......     78%         4
 Blade Hands              Tmut           #.........   87%         5

Inventory:

Scrolls
 a - a scroll of random uselessness {unknown}
 e - a scroll of blinking {unknown}
Potions
 b - a potion of lignification
 c - 2 potions of curing {@q1}
 d - a potion of haste {unknown}

Dungeon Overview and Level Annotations

Branches:
Dungeon (2/15)

Altars:
Uskayaw
Vehumet

#.....+.# #.#...#.#
#...#...###
###.#.....#
....#.....########
#####.....##.....####
.........>##........#
.#.............P.P..#
.............###@####
.............#...g?#
..##.........#...###
.<#..........#...+
.##..........#####
.##.......[..#
.##........[.#
............†#
.###.........#


You could see a gnoll.


Message History

The gnoll hits you but does no damage. The jackal completely misses you.
You hit the jackal. Your headbutt misses the jackal.
The jackal is moderately wounded.
The jackal bites you.
The gnoll hits you from afar with a +0 spear.
You hit the jackal.
The jackal is heavily wounded.
You howl as the wereblood boils in your veins!
Your transformation is almost over.
The jackal bites you. The gnoll hits you but does no damage.
The jackal bites you but does no damage.
You hit the jackal but do no damage.
The jackal is heavily wounded.
The jackal bites you.
The gnoll hits you from afar with a +0 spear!
* * * LOW HITPOINT WARNING * * *
You hit the jackal.
You kill the jackal!
The gnoll hits you but does no damage. The gnoll barely misses you.
Found a scroll labelled IQUT LIYKU.
There is an open door here.
You see here a jackal corpse.
You closely miss the gnoll. You tail-slap the gnoll.
The gnoll is moderately wounded.
The gnoll misses you.
You closely miss the gnoll. You claw the gnoll.
The gnoll is heavily wounded.
The gnoll hits you with a +0 spear.
You die...

Skill      XL: |  1  2  3 |
---------------+----------+-----
Transmutations | 3 |  3.3
Unarmed Combat | 4 |  4.0
Fighting       | |  1.1
Dodging        | |  1.7
Spellcasting   | |  2.0

Action                   || total
-------------------------++-------
Melee: Unarmed           ||   132
       Kick              ||    15
       Headbutt          ||     9
       Tailslap          ||     9
       Punch             ||     1
 Cast: Beastly Appendage ||    15
       Wereblood         ||     1
  Use: Potion            ||     5
       Scroll            ||     1
 Stab: Sleeping          ||     2
Armor: Skin              ||    27
Dodge: Dodged            ||    65

Levels and vault maps discovered:
D:1:      ncdulo_smallfort, layout_basic, lemuel_old_faithful
D:2:      layout_basic, eat_drink_and_be_merry_uskayaw,
          overflow_temple_1_default, cheibrodos_gnoll_hut

Notes
Turn   | Place    | Note
-------+----------+-------------------------------------------
     0 | D:1      | Dracia the Draconian Transmuter began the quest for the
                  | Orb.
     0 | D:1      | Reached XP level 1. HP: 16/16 MP: 3/3
   123 | D:1      | You fall into a shaft and drop 1 floor!
   137 | D:2      | Reached XP level 2. HP: 11/23 MP: 1/5
   143 | D:2      | Found a hide-covered altar of Uskayaw.
   325 | D:2      | Learned a level 2 spell: Wereblood
   752 | D:1      | Reached XP level 3. HP: 28/28 MP: 6/6
  1059 | D:1      | Reached skill level 3 in Transmutations
  2077 | D:2      | Learned a level 3 spell: Spider Form
  2174 | D:2      | Found a radiant altar of Vehumet.
  2181 | D:2      | Reached skill level 4 in Unarmed Combat
  2446 | D:2      | Slain by a gnoll

Vanquished Creatures
  An adder (D:2)
  3 worms (D:2)
  A dart slug (D:1)
  2 leopard geckos (D:1)
  3 giant cockroaches
  8 goblins
  3 hobgoblins
  2 jackals (D:2)
  3 bats
  4 frilled lizards (D:1)
  8 kobolds
  7 rats
45 creatures vanquished.

Table legend: (Time is in decaauts)
 A = Elapsed time spent in this place.
 B = Non-inter-level travel time spent in this place.
 C = Inter-level travel time spent in this place.
 D = Time resting spent in this place.
 E = Time spent auto-exploring this place.
 F = Levels seen in this place.
 G = Mean time per level.
                   A        B        C        D        E       F      G
               +--------+--------+--------+--------+--------+-----+--------+
         Total |   2438 |   2363 |     75 |    361 |   1706 |   2 | 1219.0 |
       Dungeon |   2438 |   2363 |     75 |    361 |   1706 |   2 | 1219.0 |
               +--------+--------+--------+--------+--------+-----+--------+

Top non-repeatable levels by time:
     D:1: 1701 daAuts
     D:2: 736 daAuts

Table legend:
 A = Non-vault XP
 B = Vault XP
 C = Vault XP percentage of total XP
 D = Non-vault monster count
 E = Vault monster count
 F = Vault count percentage of total count
                 A         B        C        D         E       F
            +---------+---------+-------+---------+---------+-------
      Total |      88 |       4 |   4.3 |      43 |       2 |   4.4
            +---------+---------+-------+---------+---------+-------
        D:1 |      47 |       0 |   0.0 |      31 |       0 |   0.0
        D:2 |      41 |       4 |   8.9 |      12 |       2 |  14.3
            +---------+---------+-------+---------+---------+-------
